 Dungeon Crawl Stone Soup version 0.22.0-49-gab54619 (webtiles) character file.

37480 suicidejoker the Imperceptible (level 13, -8/55 HPs)
             Began as a Spriggan Enchanter on Sept 9, 2018.
             Was an Initiate of Gozag.
             Mangled by a five-headed hydra (12 damage)
             ... on level 15 of the Dungeon.
             The game lasted 01:19:13 (17036 turns).

suicidejoker the Imperceptible (SpEn)              Turns: 17036, Time: 01:19:14

Health: -8/55      AC:  5    Str:  4    XL:     13   Next: 58%
Magic:  13/27      EV: 28    Int: 17    God:    Gozag
Gold:   1024       SH:  0    Dex: 21    Spells: 16/30 levels left

rFire    . . .     SeeInvis +   a - +4 dagger (venom)
rCold    . . .     Gourm    .   (shield restricted)
rNeg     . . .     Faith    .   M - +0 robe {MR+}
rPois    .         Spirit   .   (helmet restricted)
rElec    .         Reflect  .   Q - +0 cloak
rCorr    .         Harm     .   (gloves unavailable)
MR       +++..                  (boots unavailable)
Stlth    ++++++++..             j - amulet of regeneration
HPRegen  0.58/turn              m - ring of wizardry
MPRegen  0.20/turn              S - ring of wizardry

@: gold aura, very quick
A: very small, unfitting armour, talons 1, slimy green scales 1, see invisible,
herbivore, speed 3, slow metabolism 2, evolution 1
a: Potion Petition, Call Merchant, Bribe Branch, Renounce Religion


You were on level 15 of the Dungeon.
You worshipped Gozag.
Gozag was most pleased with you.
You were hungry.

You visited 2 branches of the dungeon, and saw 16 of its levels.
You also visited: Labyrinth and Sewer.

You collected 3725 gold pieces.
You spent 1015 gold pieces at shops.
You paid 1686 gold pieces to Gozag.

Inventory:

Hand Weapons
 a - a +4 dagger of venom (weapon)
 b - the +2 arbalest "Kool Xea" {freeze, rF+ SInv}
   (You bought it in a shop on level 11 of the Dungeon)

   It causes projectiles fired from it to freeze those they strike, causing
   extra injury to most foes and up to half again as much damage against
   particularly susceptible opponents.
   They can also slow down cold-blooded creatures.
   It protects you from fire.
   It lets you see invisible.
 h - a +3 shortbow of flaming
 H - a +1 dagger of flaming
 J - the +4 spear of Rubbish {pain, *Corrode +Fly rPois Dex+2}
   (You found it on level 8 of the Dungeon)

   In the hands of one skilled in necromantic magic, it inflicts extra damage on
   living creatures.
   It affects your dexterity (+2).
   It protects you from poison.
   It lets you fly.
   It may corrode you when you take damage.
 O - a +4 dagger of speed
 U - a +1 long sword of flaming
Missiles
 c - 262 stones (quivered)
 g - 40 poisoned needles
 n - 75 bolts
 z - 9 tomahawks
 N - 13 curare-tipped needles
Armour
 e - a +0 robe
 u - a +2 robe of cold resistance
 K - a +0 robe of magic resistance
 M - a +0 robe of magic resistance (worn)
 Q - a +0 cloak (worn)
Magical Staves
 D - an uncursed staff of wizardry {unknown}
Jewellery
 f - an uncursed ring of protection from magic
 i - an uncursed amulet of rage {unknown}
 j - an amulet of regeneration (around neck)
 l - a cursed ring of ice
 m - a ring of wizardry (left hand)
 s - a cursed ring of teleportation {unknown}
 w - a ring of the Octopus King {rC+ AC+1 EV+1 Str+1 Int+1 Dex+1}
   (You found it on level 4 of the Dungeon)

   [ring of protection from cold]

   It affects your AC (+1).
   It affects your evasion (+1).
   It affects your strength (+1).
   It affects your intelligence (+1).
   It affects your dexterity (+1).
   It protects you from cold.
 x - an uncursed ring of resist corrosion
 A - an uncursed ring of flight {unknown}
 C - an uncursed ring of magical power
 F - an uncursed ring of fire
 I - an uncursed amulet of magic regeneration
 S - a ring of wizardry (right hand)
 V - an uncursed ring of resist corrosion
Wands
 t - a wand of paralysis (6)
 B - a wand of enslavement (12)
 P - a wand of acid (7)
Scrolls
 p - 8 scrolls of teleportation
 r - 4 scrolls of fog
 E - 10 scrolls of remove curse
Potions
 k - 2 potions of flight
 o - a potion of magic
 q - 2 potions of brilliance
 v - a potion of ambrosia
 G - 2 potions of agility
 L - a potion of lignification
 R - a potion of heal wounds {unknown}
Miscellaneous
 y - a lamp of fire
 T - a fan of gales (inert)
Comestibles
 d - 19 rations


   Skills:
 + Level 7.9 Short Blades
 + Level 3.7 Crossbows
 + Level 10.6 Dodging
 + Level 21.8 Stealth
 + Level 9.0 Spellcasting
 + Level 5.3 Conjurations
 + Level 9.4 Hexes
 + Level 5.9 Ice Magic


You had 16 spell levels left.
You knew the following spells:

 Your Spells              Type           Power        Failure   Level  Hunger
a - Corona                Hex            #####..      1%          1    None
b - Ensorcelled Hibernat  Hex/Ice        ####..       1%          2    None
c - Dazzling Spray        Conj/Hex       ####..       1%          3    None
d - Confuse               Hex            #####...     1%          3    None
e - Iskenderun's Battles  Conj/Chrm      ###.....     22%         5    #####..

Your spell library contained the following spells:

 Spells                   Type           Power        Failure   Level  Hunger
 Confusing Touch          Hex            #####.       1%          1    None
 Spectral Weapon          Hex/Chrm       ###.....     1%          3    None
 Tukima's Dance           Hex            #####...     1%          3    None
 Fulminant Prism          Conj/Hex       ####......   1%          4    ###....
 Animate Skeleton         Necr           N/A          2%          1    None
 Apportation              Tloc           #.....       2%          1    None
 Summon Small Mammal      Summ           #...         2%          1    None
 Metabolic Englaciation   Hex/Ice        ####......   3%          5    #####..
 Shroud of Golubria       Chrm/Tloc      #.........   4%          2    None
 Song of Slaying          Chrm           #.......     4%          2    None
 Regeneration             Chrm/Necr      #.........   8%          3    None
 Yara's Violent Unravell  Hex/Tmut       ###.......   11%         5    #####..
 Excruciating Wounds      Chrm/Necr      #.........   52%         5    #####..


Dungeon Overview and Level Annotations

Branches:
Dungeon (15/15)            Temple (1/1) D:5            Lair (0/6) D:9
    Orc (0/2) D:11         Vaults (0/5) D:14
 Depths: D:15

Altars:
Ashenzari
Cheibriados
Dithmenos
Elyvilon
Fedhas
Gozag
Hepliaklqana
Kikubaaqudgha
Makhleb
Okawaru
Ru
Trog
Uskayaw
Vehumet
Wu Jian
Xom
Yredelemnul
Zin
The Shining One
Lugonu

Shops:
D:7 *[*(*   D:11 ((   D:13 (

Annotations:
D:15 Kirke


Innate Abilities, Weirdness & Mutations

You are very small and have problems with some larger weapons.
You are too small for most types of armour.
You have supernaturally acute eyesight. (SInv)
You are a herbivore.
You cover ground extremely quickly.
You need to consume almost no food.
You have sharp toenails.
You are partially covered in slimy green scales. (AC +2)
You evolve.


Message History

You catch the helpless white ugly thing completely off-guard!
You perforate the white ugly thing like a sieve!!!
You kill the white ugly thing!
Casting: Confuse (safe; 1% risk of failure)
Confirm with . or Enter, or press ? or * to list all spells.
Aiming: Ensorcelled Hibernation (safe; 1% risk of failure)
Press: ? - help, Shift-Dir - straight line, f - five-headed hydra
Aim: a five-headed hydra (severely wounded, slow, chance to defeat MR: 27%)
The five-headed hydra resists with almost no effort.
The five-headed hydra is no longer moving slowly.
Casting: Ensorcelled Hibernation (safe; 1% risk of failure)
Confirm with . or Enter, or press ? or * to list all spells.
Aiming: Ensorcelled Hibernation (safe; 1% risk of failure)
Press: ? - help, Shift-Dir - straight line, f/p - five-headed hydra
Aim: a five-headed hydra (severely wounded, chance to defeat MR: 27%)
The five-headed hydra resists with almost no effort.
The five-headed hydra completely misses you.
The five-headed hydra bites you!
You die...
Your body crumbles into a pile of gold.

.......... ..........
#. @......... #..
.....#.u..## #...
.....#.....# #...#
.....#.....# ##...#
#...# .... #..@.#####
##...# ...#
.....##.......u###...#
#..#
.............uxD@...#
#..##
..........######....#
#...# .........#
###..## ###...##
.........
##..#####.......
........
#..#...........
........
##.......##..##
....... ##...#####..##
##..... #.### #..##
#.# #.##


You could see Kirke, a five-headed hydra, 2 ugly things and an unseen horror
(invisible).

Vanquished Creatures
  A minotaur (Lab)
  Josephine (D:11)
  A slime creature (D:13)
  A hydra (D:9)
  2 centaur warriors (D:14)
  4 two-headed ogres
  2 tengu warriors
  Sonja (D:11)
  5 unseen horrors
  A wizard (D:14)
  A deep elf mage (D:13)
  2 cyclopes
  2 manticores
  8 ugly things
  2 gargoyles
  3 kobold demonologists (D:11)
  A queen bee (D:10)
  4 trolls
  Grinder (D:4)
  5 hippogriffs
  6 wraiths
  A wyvern (D:13)
  32 yaks
  7 vampire mosquitoes
  Grum (D:11)
  3 hungry ghosts
  An acid dragon (D:12)
  A soldier ant (D:13)
  2 water moccasins
  6 orc warriors
  A swamp drake (D:11)
  A hornet zombie (D:9)
  2 sky beasts
  2 ice beasts
  3 black bears
  2 eyes of draining
  4 phantoms
  4 ogres
  3 wolves (D:11)
  9 centaurs
  5 big kobolds
  12 bullfrogs
  2 gnoll sergeants (D:12)
  A wyvern skeleton (D:9)
  A scorpion (D:12)
  A water moccasin skeleton (D:5)
  23 killer bees (D:10)
  8 howler monkeys
  6 crimson imps
  3 centaur zombies
  7 orc priests
  6 hounds
  6 jellies
  14 orc wizards
  5 bullfrog skeletons
  5 centaur skeletons
  4 iguanas
  6 worker ants
  A hound skeleton (D:9)
  A howler monkey zombie (D:8)
  2 worker ant zombies
  Robin (D:3)
  8 gnolls (D:12)
  11 adders
  2 river rats (Sewer)
  5 shadow imps
  3 oozes
  An adder skeleton (D:9)
  4 worms
  2 dart slugs
  5 leopard geckos
  59 orcs
  3 ball pythons (Sewer)
  6 bats
  3 giant cockroaches
  11 goblins
  5 hobgoblins (D:3)
  4 jackals
  3 quokkas
  2 frilled lizards
  A jackal skeleton (D:4)
  22 kobolds
  2 quokka skeletons (D:5)
  8 rats
429 creatures vanquished.

Vanquished Creatures (collateral kills)
  An orc (D:10)
1 creature vanquished.

Vanquished Creatures (others)
  Fannar (D:10)
1 creature vanquished.

Grand Total: 431 creatures vanquished

Notes
Turn   | Place    | Note
-------+----------+-------------------------------------------
     0 | D:1      | suicidejoker the Spriggan Enchanter began the quest for the
                  | Orb.
     0 | D:1      | Reached XP level 1. HP: 9/9 MP: 5/5
   122 | D:1      | Reached skill level 5 in Stealth
   170 | D:1      | Reached XP level 2. HP: 13/13 MP: 6/6
   694 | D:2      | Reached skill level 6 in Stealth
   886 | D:2      | Reached XP level 3. HP: 16/16 MP: 8/8
   963 | D:2      | Learned a level 2 spell: Ensorcelled Hibernation
   967 | D:2      | Learned a level 3 spell: Dazzling Spray
  1043 | D:2      | Reached skill level 7 in Stealth
  1113 | D:3      | Reached XP level 4. HP: 21/21 MP: 6/9
  1181 | D:3      | Reached skill level 8 in Stealth
  1708 | D:3      | Reached skill level 9 in Stealth
  1708 | D:3      | Reached XP level 5. HP: 24/24 MP: 1/10
  1865 | D:3      | Found a glowing drain.
  1874 | Sewer    | Entered a sewer
  2279 | Sewer    | Reached skill level 10 in Stealth
  2306 | Sewer    | Reached XP level 6. HP: 25/28 MP: 0/11
  2419 | Sewer    | Reached skill level 11 in Stealth
  2631 | D:3      | Noticed Robin
  2877 | D:3      | Killed Robin
  3787 | D:4      | Found the ring of the Octopus King
  3794 | D:4      | Got a ring of the Octopus King
  3926 | D:4      | Noticed Grinder
  3933 | D:4      | Killed Grinder
  3933 | D:4      | Reached skill level 12 in Stealth
  3933 | D:4      | Reached XP level 7. HP: 32/32 MP: 12/12
  4138 | D:5      | Entered Level 5 of the Dungeon
  4345 | D:5      | Reached skill level 13 in Stealth
  4640 | D:5      | Found a staircase to the Ecumenical Temple.
  4673 | Temple   | Entered the Ecumenical Temple
  4703 | Temple   | Became a worshipper of Gozag Ym Sagoz the Greedy
  4749 | D:5      | Reached skill level 14 in Stealth
  5060 | D:5      | Reached XP level 8. HP: 36/36 MP: 9/13
  5580 | D:6      | Reached skill level 15 in Stealth
  6039 | D:6      | Reached skill level 16 in Stealth
  6317 | D:7      | Found Cilioth's Assorted Antiques.
  6327 | D:7      | Reached skill level 17 in Stealth
  6364 | D:7      | Reached XP level 9. HP: 23/39 MP: 1/14
  6376 | D:7      | Identified a ring of the Octopus King {rC+ AC+1 EV+1 Str+1
                  | Int+1 Dex+1} (You found it on level 4 of the Dungeon)
  6497 | D:7      | Found Pun Empekli's General Store.
  6538 | D:7      | Bought a scroll of teleportation for 45 gold pieces
  6538 | D:7      | Bought a scroll of remove curse for 45 gold pieces
  6538 | D:7      | Bought a potion of agility for 60 gold pieces
  6538 | D:7      | Bought a ration for 75 gold pieces
  6567 | D:7      | Found Cecw's Antique Armour Shoppe.
  6814 | D:7      | Found Qidih's Weapon Shoppe.
  6983 | D:7      | Found Sejos's General Store.
  7019 | D:7      | Found a basalt altar of Yredelemnul.
  7152 | D:8      | Reached skill level 18 in Stealth
  7374 | D:8      | Reached skill level 19 in Stealth
  7491 | D:8      | Noticed a manticore
  7499 | D:8      | Killed a manticore
  7509 | D:8      | Reached skill level 20 in Stealth
  7515 | D:8      | Got a bloodstained spear
  7518 | D:8      | Identified the +4 spear of Rubbish {pain, *Corrode +Fly
                  | rPois Dex+2} (You found it on level 8 of the Dungeon)
  7980 | D:9      | Reached XP level 10. HP: 31/44 MP: 15/15
  8112 | D:9      | Found a staircase to the Lair.
  8120 | D:9      | Noticed a two-headed ogre
  8136 | D:9      | Killed a two-headed ogre
  8136 | D:9      | Reached skill level 1 in Conjurations
  8136 | D:9      | Reached skill level 1 in Ice Magic
  8544 | D:9      | Noticed a seven-headed hydra
  8551 | D:9      | Killed a seven-headed hydra
  8820 | D:9      | Gained mutation: Potions are less effective at restoring
                  | your health. [potion of mutation]
  8820 | D:9      | Gained mutation: Your muscles are strong. (Str +2) [potion
                  | of mutation]
  8820 | D:9      | Gained mutation: Your flesh is heat resistant. (rF+)
                  | [potion of mutation]
  8849 | D:10     | Entered Level 10 of the Dungeon
  8865 | D:10     | Reached skill level 5 in Hexes
  8939 | D:10     | Reached skill level 5 in Dodging
  9172 | D:10     | Learned a level 3 spell: Confuse
  9425 | D:10     | Noticed Fannar
  9440 | D:10     | Killed Fannar
  9440 | D:10     | Reached XP level 11. HP: 14/47 MP: 5/19
  9639 | D:10     | Reached skill level 5 in Spellcasting
 10515 | D:10     | Noticed an unseen horror
 10521 | D:10     | Killed an unseen horror
 10764 | D:11     | Noticed Josephine
 10775 | D:11     | Killed Josephine
 10852 | D:11     | Noticed an unseen horror
 10859 | D:11     | Killed an unseen horror
 10859 | D:11     | Reached skill level 5 in Short Blades
 11030 | D:11     | Lost mutation: Your muscles are strong. (Str +2) [potion of
                  | mutation]
 11030 | D:11     | Lost mutation: Potions are less effective at restoring your
                  | health. [potion of mutation]
 11030 | D:11     | Lost mutation: Your flesh is heat resistant. (rF+) [potion
                  | of mutation]
 11030 | D:11     | Gained mutation: You are partially covered in rugged brown
                  | scales. (AC +1, +3% HP) [potion of mutation]
 11030 | D:11     | Lost mutation: You are partially covered in rugged brown
                  | scales. (AC +1, +3% HP) [potion of mutation]
 11030 | D:11     | Gained mutation: You are partially covered in slimy green
                  | scales. (AC +2) [potion of mutation]
 11030 | D:11     | Gained mutation: You evolve. [potion of mutation]
 11221 | D:11     | Found a staircase to the Orcish Mines.
 11501 | D:11     | Noticed Grum
 11690 | D:11     | Killed Grum
 12116 | D:11     | Noticed a soul eater
 12117 | D:11     | Noticed a soul eater
 12126 | D:11     | Reached skill level 21 in Stealth
 12223 | D:11     | Reached XP level 12. HP: 51/51 MP: 23/23
 12240 | D:11     | Noticed Sonja
 12243 | D:11     | Killed Sonja
 12268 | D:11     | Found a corrupted altar of Lugonu.
 12369 | D:11     | Found Xuety's Antique Weapon Shoppe.
 12377 | D:11     | Bought a runed dagger for 125 gold pieces
 12498 | D:11     | Bought a twisted arbalest for 351 gold pieces
 12498 | D:11     | Bought a smoking trident for 314 gold pieces
 12498 | D:11     | Identified the +2 arbalest "Kool Xea" {freeze, rF+ SInv}
                  | (You bought it in a shop on level 11 of the Dungeon)
 12499 | D:11     | Identified the cursed +1 trident "Laisihis" {pierce, +Blink
                  | +Inv} (You bought it in a shop on level 11 of the Dungeon)
 13078 | D:12     | Found an ancient bone altar of Kikubaaqudgha.
 13197 | D:11     | Gained mutation: You have sharp toenails. [evolution]
 14585 | D:13     | Reached skill level 5 in Ice Magic
 14604 | D:13     | Reached skill level 1 in Crossbows
 14670 | D:13     | Noticed a two-headed ogre
 14675 | D:13     | Killed a two-headed ogre
 15049 | D:13     | Reached XP level 13. HP: 24/55 MP: 16/26
 15151 | D:13     | Found a labyrinth entrance.
 15158 | Lab      | Entered a labyrinth
 15374 | Lab      | Noticed a minotaur
 15398 | Lab      | Killed a minotaur
 15429 | Lab      | Identified the Guide on Bewitchment
 15441 | Lab      | Identified the Handbook of Boosts
 15464 | Lab      | Learned a level 5 spell: Iskenderun's Battlesphere
 15490 | D:13     | Reached skill level 10 in Dodging
 16093 | D:14     | Reached skill level 5 in Conjurations
 16604 | D:14     | Found a gate to the Vaults.
 16613 | D:15     | Entered Level 15 of the Dungeon
 16826 | D:15     | Noticed Kirke
 17029 | D:15     | HP: 1/55 [white ugly thing (16)]
 17036 | D:15     | Mangled by a five-headed hydra

Skill      XL: |  1  2  3  4  5  6  7  8  9 10 11 12 13 |
---------------+----------------------------------------+-----
Stealth        | 5 6 7 9 10 12 14 17 20 21 | 21.8
Spellcasting   | 4 6 8 9 |  9.0
Short Blades   | 3 5 7 |  7.9
Dodging        | 5 8 9 10 | 10.6
Conjurations   | 2 3 4 5 |  5.3
Hexes          | 5 7 8 9 |  9.4
Ice Magic      | 2 4 5 |  5.9
Crossbows      | 2 3 |  3.7

Action                   |  1- 3 |  4- 6 |  7- 9 | 10-12 | 13-15 || total
-------------------------+-------+-------+-------+-------+-------++-------
Melee: Dagger            |    97 |   128 |   151 |   446 |    88 ||   910
       Spear             |       |       |    18 |    12 |       ||    30
       Unarmed           |       |       |       |     9 |       ||     9
       Kick              |       |       |       |    28 |    18 ||    46
 Fire: Blowgun           |       |    10 |    29 |    27 |       ||    66
       Arbalest          |       |       |       |     3 |       ||     3
Throw: Stone             |       |     3 |       |       |       ||     3
 Cast: Ensorcelled Hiber |     3 |    55 |    87 |   243 |    45 ||   433
       Dazzling Spray    |       |     1 |     3 |    11 |       ||    15
       Confuse           |       |       |       |    28 |    17 ||    45
Invok: Call Merchant     |       |       |       |     1 |     1 ||     2
Evoke: Wand              |       |       |    10 |    24 |     5 ||    39
       Lamp of fire      |       |       |       |     1 |       ||     1
       Fan of gales      |       |       |       |       |     1 ||     1
       Phantom mirror    |       |       |       |       |     1 ||     1
  Use: Scroll            |       |     5 |       |    17 |     6 ||    28
       Potion            |       |     2 |     2 |    10 |     5 ||    19
 Stab: Sleeping          |    18 |    33 |    68 |   157 |    24 ||   300
       Distracted        |       |     1 |       |     9 |       ||    10
       Paralysed         |       |       |     3 |     4 |       ||     7
       Confused          |       |       |       |    16 |    11 ||    27
       Invisible         |       |       |       |     6 |       ||     6
  Eat: Ration            |       |     2 |     5 |     5 |     1 ||    13
Armor: Robe              |    11 |     6 |    14 |    35 |     7 ||    73
       Skin              |       |       |       |    27 |       ||    27
Dodge: Dodged            |    82 |   125 |   130 |   527 |    96 ||   960
